 Dungeon Crawl Stone Soup version 0.13-a0-3104-gb5885e9 (webtiles) character file.

624 Malachi the Covered (level 6, -1/48 HPs)
             Began as a Mummy Fighter on Sept 19, 2013.
             Slain by a gnoll
             ... wielding a +0,+0 whip
              (6 damage)
             ... on Level 3 of the Dungeon.
             The game lasted 00:08:12 (4481 turns).

Malachi the Covered (Mummy Fighter)                 Turns: 4481, Time: 00:08:12

HP  -1/48        AC 11     Str 21      XL: 6   Next: 50%
MP   5/5         EV  6     Int 10      God:
Gold 235         SH 19     Dex 11      Spells:  0 memorised,  5 levels left

Res.Fire  : x . .   See Invis. : .   d - +0 orc flail
Res.Cold  : + . .   Warding    : .   b - +0 scale mail
Life Prot.: + + +   Conserve   : .   c - +0 shield
Res.Poison: +       Res.Corr.  : .   i - +1 helmet {Int+3}
Res.Elec. : .       Clarity    : .   o - +0 cloak
Sust.Abil.: . .     Spirit.Shd : .   (no gloves)
Res.Mut.  : .       Stasis     : .   e - +0 pair of boots
Res.Rott. : +       Flight     : .   (no amulet)
Saprovore : . . .                    (no ring)
                                     (no ring)

@: somewhat resistant to hostile enchantments, extremely unstealthy
A: no food or potions, fire vulnerability, restore body, cold resistance 1, life
protection 3, poison resistance, torment resistance, unbreathing
a: no special abilities


You were on level 3 of the Dungeon.
You were not hungry.

You visited 1 branch of the dungeon, and saw 5 of its levels.

You collected 215 gold pieces.

Inventory:

Hand weapons
 a - a +0,+0 mace
 d - a +0,+0 orcish flail (weapon)
 h - a +0,+0 orcish flail
 m - a +2,+2 sling of frost
Missiles
 k - 30 poisoned needles
 n - 6 sling bullets
 p - 14 stones (quivered)
Armour
 b - a +0 scale mail (worn)
 c - a +0 shield (worn)
 e - a +0 pair of boots (worn)
 i - a +1 helmet of intelligence (worn)
 o - a +0 cloak (worn)
Scrolls
 f - 4 scrolls of identify
 g - a scroll of noise
 l - 2 scrolls of enchant weapon I
 q - a scroll of curse jewellery {unknown}
Jewellery
 j - an uncursed ring of flight


   Skills:
 + Level 3.7 Fighting
 + Level 2.6 Maces & Flails
 + Level 3.9 Armour
 + Level 1.9 Dodging
 + Level 0.1 Stealth
 + Level 3.6 Shields


You had 5 spell levels left.
You didn't know any spells.

Dungeon Overview and Level Annotations

Branches:
Dungeon (5/27)
 Temple: D:4-7

Altars:

Annotations:
D:2 Sigmund


Innate Abilities, Weirdness & Mutations

You do not eat or drink.
Your flesh is vulnerable to fire.
Your flesh is cold resistant.
You are immune to negative energy.
Your system is resistant to poisons.
You are immune to unholy pain and torment.
You can survive without breathing.


Message History

A mysterious force pulls you upwards. The hatch slams shut behind you.
Unknown command.
The gnoll hits you with a whip.
* * * LOW HITPOINT WARNING * * *
The gnoll hits you but does no damage. You block the gnoll's attack.
The gnoll hits you but does no damage.
There is a stone staircase leading up here.
Read which item? (? for menu, Esc to quit)
Okay, then.
You aren't carrying any items that can be evoked.
The gnoll hits you with a whip.
* * * LOW HITPOINT WARNING * * *
You block the gnoll's attack.
A hobgoblin comes into view. It is wielding a club.
The hobgoblin shouts!
The gnoll barely misses you. You block the gnoll's attack.
The gnoll hits you with a whip.
You die...

..#...................##..#...#.#
..............................#.#
......................##..#...#.#
#.#.............................#
#.#..........#.#.#...............
.............#.#.#....##..#......
#.##...####....O..[...........#.#
#.##...<.......g......##..#...#.#
.........##.g#.#@#....##..#...#.#
#.##.........###.#....##.........
#.##...#.#...# #.#....##..#...#.#
.......#.#..g###.#........#......
..)....#.#.......##...##.........
.......#.##...##.##...###.......#
......................###.##..#.#
.........##...##.##.#............
..............................#.#


You could see an ogre and a gnoll.

Vanquished Creatures
  An ogre (D:4)
  A crimson imp (D:5)
  An iguana (D:4)
  An orc wizard (D:4)
  A worker ant (D:3)
  Ijyb (D:3)
  6 adders
  3 worms (D:3)
  An adder skeleton (D:5)
  A giant eyeball (D:4)
  2 giant geckos
  An ooze (D:3)
  13 orcs
  2 giant cockroaches (D:3)
  11 goblins
  14 hobgoblins
  5 jackals
  6 kobolds
  2 quokkas
  4 ball pythons
  8 bats
  2 giant newts (D:1)
  A hobgoblin skeleton (D:4)
  An orc skeleton (D:5)
  5 rats
94 creatures vanquished.

Notes
Turn   | Place    | Note
--------------------------------------------------------------
     0 | D:1      | Malachi, the Mummy Fighter, began the quest for the Orb.
     0 | D:1      | Reached XP level 1. HP: 18/18 MP: 0/0
   195 | D:1      | Reached XP level 2. HP: 20/24 MP: 1/1
   771 | D:2      | Reached XP level 3. HP: 25/30 MP: 2/2
  1499 | D:3      | Reached XP level 4. HP: 13/36 MP: 3/3
  1890 | D:3      | Noticed Sigmund
  2266 | D:3      | Noticed Ijyb
  2281 | D:3      | Killed Ijyb
  2607 | D:3      | Reached skill level 1 in Dodging
  2607 | D:3      | Reached XP level 5. HP: 14/42 MP: 4/4
  3283 | D:4      | Paralysed by a giant eyeball for 3 turns
  3291 | D:4      | Paralysed by a giant eyeball for 2 turns
  4114 | D:4      | Noticed an ogre
  4121 | D:4      | Killed an ogre
  4121 | D:4      | Reached XP level 6. HP: 48/48 MP: 5/5
  4258 | D:5      | Entered Level 5 of the Dungeon
  4443 | D:3      | HP: 2/48 [gnoll/whip (5)]
  4463 | D:3      | HP: 2/48 [gnoll/whip (3)]
  4481 | D:3      | Slain by a gnoll

Action                   |  1- 3 |  4- 6 || total
-------------------------+-------+-------++-------
Melee: Mace              |   154 |   133 ||   287
       Flail             |       |   128 ||   128
  Use: Scroll            |     7 |     5 ||    12
